 Dungeon Crawl Stone Soup version 0.22-a0-351-g29664b4 (webtiles) character file.

2200 vishdafish the Poker (level 9, -15/64 HPs)
             Began as an Octopode Berserker on Apr 13, 2018.
             Was an Elder of Trog.
             Demolished by a two-headed ogre
             ... wielding a +0 giant spiked club
              (20 damage)
             ... on level 8 of the Dungeon.
             The game lasted 00:07:45 (6738 turns).

vishdafish the Poker (Octopode Berserker)           Turns: 6738, Time: 00:07:46

Health: -15/64     AC:  1    Str: 16    XL:     9   Next: 34%
Magic:  9/9        EV: 16    Int: 13    God:    Trog [****..]
Gold:   359        SH:  0    Dex: 11    Spells: 8/8 levels left

rFire    . . .     SeeInvis .   o - +2 hand axe (elec)
rCold    + . .     Gourm    .   (no shield)
rNeg     . . .     Faith    .   (helmet restricted)
rPois    .         Spirit   .   (no amulet)
rElec    .         Reflect  .   y - ring of protection from cold
rCorr    .         Harm     .   z - ring of stealth
MR       .....                  B - ring of stealth
Stlth    +++++.....             (no ring)
HPRegen  0.20/turn              (no ring)
MPRegen  0.11/turn              (no ring)
                                (no ring)
                                (no ring)

@: no status effects
A: almost no armour, stealthy swim, amphibious, 8 rings, constrict 8, camouflage
1, gelatinous body 1
a: Berserk, Trog's Hand, Brothers in Arms, Renounce Religion


You were on level 8 of the Dungeon.
You worshipped Trog.
Trog was greatly pleased with you.
You were very hungry.

You visited 1 branch of the dungeon, and saw 8 of its levels.

You collected 359 gold pieces.

Inventory:

Hand Weapons
 a - a +0 spear
 l - a +1 hand axe of electrocution
 o - a +2 hand axe of electrocution (weapon)
 x - a +0 blowgun
Missiles
 s - 3 javelins of penetration (quivered)
Jewellery
 y - a ring of protection from cold (left tentacle)
 z - a ring of stealth (right tentacle)
 B - a ring of stealth (on tentacle)
Wands
 p - a wand of random effects (7)
 A - a wand of acid (7)
Scrolls
 c - 2 scrolls of enchant armour {unknown}
 d - 7 scrolls of identify {unknown}
 e - 2 scrolls of fear {unknown}
 h - a scroll of remove curse {unknown}
 k - a scroll of fog {unknown}
 n - 3 scrolls of immolation {unknown}
 r - a scroll of enchant weapon {unknown}
 t - a scroll of blinking {unknown}
 u - 3 scrolls of teleportation {unknown}
 C - a scroll of silence {unknown}
 D - a scroll of random uselessness {unknown}
Potions
 f - a potion of mutation {unknown}
 g - 2 potions of lignification {unknown}
 i - 3 potions of curing
 j - 2 potions of heal wounds
 m - a potion of degeneration {unknown}
 q - 2 potions of might
 v - 2 potions of agility {unknown}
 w - a potion of magic {unknown}
Comestibles
 b - 14 rations


   Skills:
 + Level 7.0 Fighting
 - Level 3.1(5.6) Axes
 + Level 7.2(7.5) Polearms
 + Level 7.0 Dodging
 - Level 4.3 Stealth


You had 8 spell levels left.
You didn't know any spells.

Dungeon Overview and Level Annotations

Branches:
Dungeon (8/15)             Temple (0/1) D:7
   Lair: D:8-11

Altars:
Ashenzari
Cheibriados
Elyvilon
Fedhas
Hepliaklqana
Makhleb
Qazlal
Trog
Uskayaw
Wu Jian
The Shining One

Shops:
D:4 %


Innate Abilities, Weirdness & Mutations

You cannot wear most types of armour.
You are very stealthy in the water. (Stealth+)
You are amphibious.
You can wear up to eight rings at the same time.
You can use your tentacles to constrict eight enemies at once.
Your skin changes colour to match your surroundings (Stealth+).
Your rubbery body absorbs attacks. (AC +1, EV +1)


Message History

Trog accepts your kill.
You barely miss the two-headed ogre.
The two-headed ogre hits you with a giant spiked club!
The two-headed ogre misses you.
The phantom blinks!
A jackal zombie comes into view.
You barely miss the two-headed ogre. The two-headed ogre misses you. x2
You hit the two-headed ogre.
The two-headed ogre is lightly wounded.
The two-headed ogre hits you with a giant spiked club!!
* * * LOW HITPOINT WARNING * * *
The two-headed ogre closely misses you.
You are too injured to fight recklessly!
You are too injured to fight recklessly!
Unknown command.
You are too injured to fight recklessly!
You feel much better. The phantom hits you.
The phantom blinks!
The two-headed ogre hits you with a giant spiked club!!
* * * LOW HITPOINT WARNING * * *
The two-headed ogre hits you with a giant spiked club!!
You die...

#..#...........#
#<............##
#..............#
##..#####........#
#..## ##..#.....#
....#####..###.....#
...........## .....#
.......Z.O.##
....#.. ...##.....@#
.....##
##....W.....#..#.#
#.....>#..##
#.....## .# #..##..
# #... ##. ....# #
....


You could see a two-headed ogre, a phantom and a jackal zombie.

Vanquished Creatures
  2 eyes of draining (D:4)
  2 orc warriors
  2 sky beasts
  A necrophage (D:6)
  An ogre (D:4)
  2 centaurs
  A big kobold (D:6)
  2 bullfrogs (D:6)
  A scorpion (D:4)
  A wyvern skeleton (D:6)
  2 crimson imps
  A bullfrog zombie (D:5)
  A quasit (D:6)
  A bullfrog skeleton (D:5)
  4 orc wizards
  A centaur skeleton (D:4)
  3 hounds
  A jelly (D:5)
  8 orc priests
  2 worker ants
  7 gnolls
  11 adders
  2 shadow imps
  An adder skeleton (D:7)
  An adder zombie (D:7)
  A dart slug (D:1)
  4 worms
  2 leopard geckos
  35 orcs
  3 giant cockroaches
  3 goblins
  A hobgoblin (D:1)
  6 jackals
  2 quokkas
  3 ball pythons
  2 bats
  6 frilled lizards
  25 kobolds
  A leopard gecko skeleton (D:6)
  A quokka skeleton (D:5)
  5 rats
  8 plants (D:6)
169 creatures vanquished.

Notes
Turn   | Place    | Note
-------+----------+-------------------------------------------
     0 | D:1      | vishdafish the Octopode Berserker began the quest for the Orb.
     0 | D:1      | Reached XP level 1. HP: 16/16 MP: 1/1
   124 | D:1      | Reached XP level 2. HP: 21/21 MP: 2/2
   127 | D:1      | You fall through a shaft!
   229 | D:2      | Found a hide-covered altar of Uskayaw.
   342 | D:2      | Found a hazy altar of Hepliaklqana.
   369 | D:2      | Reached skill level 1 in Stealth
   373 | D:2      | Reached XP level 3. HP: 21/26 MP: 3/3
  1205 | D:3      | Reached ** piety under Trog
  1227 | D:3      | Found a burning altar of Makhleb.
  1310 | D:3      | Reached XP level 4. HP: 25/31 MP: 4/4
  1682 | D:4      | Reached skill level 1 in Axes
  1682 | D:4      | Reached XP level 5. HP: 36/36 MP: 5/5
  1741 | D:4      | Reached XP level 6. HP: 29/42 MP: 6/6
  2035 | D:4      | Found a stormy altar of Qazlal.
  2314 | D:4      | Found a glowing golden altar of the Shining One.
  2369 | D:4      | Found a bloodstained altar of Trog.
  2369 | D:4      | Noticed an eye of draining
  2369 | D:4      | Noticed an eye of draining
  2379 | D:4      | Killed an eye of draining
  2379 | D:4      | Reached XP level 7. HP: 48/48 MP: 0/7
  2485 | D:4      | Found Ysaceoll's Food Boutique.
  2542 | D:5      | Entered Level 5 of the Dungeon
  2677 | D:5      | Reached skill level 5 in Polearms
  2863 | D:5      | Reached *** piety under Trog
  2867 | D:5      | Reached skill level 5 in Dodging
  2896 | D:5      | Reached skill level 5 in Fighting
  2896 | D:5      | Reached XP level 8. HP: 31/55 MP: 8/8
  3191 | D:5      | Found an ornate altar of the Wu Jian Council.
  3588 | D:5      | Found a blossoming altar of Fedhas.
  3888 | D:6      | Found a shattered altar of Ashenzari.
  4478 | D:6      | Reached **** piety under Trog
  4602 | D:6      | Reached XP level 9. HP: 20/63 MP: 9/9
  6207 | D:7      | Found a staircase to the Ecumenical Temple.
  6369 | D:7      | Found a white marble altar of Elyvilon.
  6370 | D:7      | Found a snail-covered altar of Cheibriados.
  6730 | D:8      | Noticed a two-headed ogre
  6738 | D:8      | Demolished by a two-headed ogre

Vault maps used:
D:1:      minmay_arrival_loop, roderic_serpentine_path, grunt_decor_arrowhead
D:2:      lemuel_coloured_pillars_altar, lemuel_doored_altar,
          grunt_ministairs_15, due_unseen_surprise
D:3:      bloody_makhleb
D:4:      trog_eyes_of_draining, grunt_qazlal_sundering,
          nicolae_tso_carved_into_rock, serial_shops, shop, first_ration
D:5:      marbit_many_paths, kennysheep_little_box
D:6:      kennysheep_kobold_camp, overflow_temple_1_default
D:7:      gammafunk_temple_overflow_statue, nicolae_overflow_hidden_temple,
          minmay_temple_entry_butterflies
D:8:      kennysheep_six_static_rooms, uniq_prince_ribbit1

Skill      XL: |  1  2  3  4  5  6  7  8  9 |
---------------+----------------------------+-----
Stealth        | 1 2 3 4 |  4.3
Polearms       | 4 5 6 7 |  7.2
Axes           | 1 2 3 |  3.1
Dodging        | 4 5 6 7 |  7.0
Fighting       | 4 5 6 7 |  7.0

Action                   |  1- 3 |  4- 6 |  7- 9 || total
-------------------------+-------+-------+-------++-------
Melee: Spear             |    32 |       |       ||    32
       Constrict         |     8 |    11 |    44 ||    63
       Tentacles         |     5 |    16 |    33 ||    54
       Hand axe          |    16 |    49 |   218 ||   283
Invok: Berserk           |     1 |     3 |     7 ||    11
  Use: Potion            |       |       |     3 ||     3
 Stab: Sleeping          |    10 |     2 |    10 ||    22
  Eat: Chunk             |       |     7 |    11 ||    18
       Ration            |       |       |     3 ||     3
Armor: Skin              |     1 |       |     5 ||     6
Dodge: Dodged            |    18 |    40 |   139 ||   197

Table legend:
 A = Spawn XP
 B = Non-spawn XP
 C = Spawn XP percentage of total XP
 D = Spawn monster count
 E = Non-spawn monster count
 F = Spawn count percentage of total count
 G = Total turns spent on level
                    A         B        C        D         E        F      G
               +---------+---------+-------+---------+---------+-------+---------
         Total |       0 |    3143 |   0.0 |       0 |     161 |   0.0 |  6738
               +---------+---------+-------+---------+---------+-------+---------
           D:1 |       0 |      11 |   0.0 |       0 |       7 |   0.0 |   127
           D:2 |       0 |      31 |   0.0 |       0 |      10 |   0.0 |   991
           D:3 |       0 |     112 |   0.0 |       0 |      20 |   0.0 |   576
           D:4 |       0 |     695 |   0.0 |       0 |      27 |   0.0 |   848
           D:5 |       0 |     513 |   0.0 |       0 |      26 |   0.0 |  1422
           D:6 |       0 |    1212 |   0.0 |       0 |      47 |   0.0 |  1529
           D:7 |       0 |     514 |   0.0 |       0 |      21 |   0.0 |  1213
           D:8 |       0 |      55 |   0.0 |       0 |       3 |   0.0 |    32
               +---------+---------+-------+---------+---------+-------+---------
